details: 'howisthatpossible'

« prev index next »

General information

Mini Map

Players

team 1
Humanreanimated[cg] (yellow | 106 APM | 1109 actions | 10:25)
Hero icon 3 Archmage
Ability icon 1 Blizzard
Ability icon 1 Brilliance Aura
Ability icon 1 Summon Water Elemental

» actions
Build / train57
Enter build submenu18
Enter hero's abilities submenu3
Right click656
Select / deselect274
Use ability101
1109 total
» units
Peasant14
Footman12
26 total
» upgrades
Defend1
1 total
» buildings
Farm3
Barracks1
Altar of Kings1
Lumber Mill1
Blacksmith1
Arcane Vault1
Keep3
Scout Tower4
Guard Tower7
22 total
» build order
00:07 Farm
00:32 Barracks
00:59 Altar of Kings
01:28 Lumber Mill
01:36 Farm
01:57 Blacksmith
02:02 Arcane Vault
05:10 Keep
05:10 Keep
07:00 Scout Tower
07:26 Guard Tower
07:28 Scout Tower
07:43 Scout Tower
08:10 Guard Tower
08:32 Scout Tower
09:13 Guard Tower
09:13 Guard Tower
09:58 Farm
» items
Scroll of Regeneration5
Lesser Clarity Potion5
Potion of Healing1
11 total
team 2
Random» NightElfMicro12111 (purple | 157 APM | 1645 actions | 10:26)
Hero icon 3 Keeper of the Grove
Ability icon 2 Entangling Roots
Ability icon 1 Force of Nature

» actions
Assign group hotkey21
Basic commands34
Build / train41
Enter build submenu12
Enter hero's abilities submenu3
Right click968
Select / deselect338
Select group hotkey194
Use ability34
1645 total
» units
Wisp7
Archer30
37 total
» buildings
Altar of Elders1
Moon Well6
Ancient of War2
Hunter's Hall2
Ancient Protector1
12 total
» build order
00:03 Altar of Elders
00:05 Moon Well
00:24 Ancient of War
01:46 Moon Well
02:36 Ancient of War
04:22 Moon Well
05:00 Moon Well
06:04 Moon Well
06:32 Moon Well
07:30 Hunter's Hall
08:54 Hunter's Hall
10:18 Ancient Protector